 Dungeon Crawl Stone Soup version 0.29-a0-221-gceb61267dd (webtiles) character file.

Game seed: 12610241205509532495

704 dolemite99 the Bolt Thrower (level 7, 0/38 HPs)
             Began as a Gargoyle Arcane Marksman on Feb 27, 2022.
             Was a Believer of Ashenzari.
             Slain by a gnoll
             ... wielding a +0 spear
              (3 damage)
             ... on level 5 of the Dungeon.
             The game lasted 00:06:54 (8157 turns).

dolemite99 the Bolt Thrower (GrAM)                  Turns: 8157, Time: 00:06:54

Health: 0/38       AC: 17    Str: 15    XL:     7   Next: 66%
Magic:  8/8        EV:  9    Int: 14    God:    Ashenzari [**....]
Gold:   212        SH:  0    Dex: 10    Spells: 7/8 levels left

rFire   . . .      SeeInvis +   b - +2 hand axe (vorpal)
rCold   + . .      Faith    .   (no shield)
rNeg    + . .      Spirit   .   r - +4 scale mail of Ashenzari's Secrets {Cun, Alch} (curse)
rPois   ∞          Reflect  .   j - +0 helmet of the Bound Chagrin {Fort, Range} (curse)
rElec   +          Harm     .   (no cloak)
rCorr   .          Rampage  .   (no gloves)
Will    +....                   x - +1 pair of boots "Lethargy of the Heavens" {Fort, Elem} (curse)
Stlth   ..........              (no amulet)
HPRegen 0.12/turn               q - ring of the Fated Loss {Will+, Fort, Cun} (curse)
MPRegen 0.11/turn               w - ring of protection from cold

@: no status effects
A: sickness immunity, AC +4, negative energy resistance 1, electricity
resistance, torment resistance 1, petrification resistance
a: Renounce Religion, Shatter the Chains


You were on level 5 of the Dungeon.
You worshipped Ashenzari.
Ashenzari was pleased with you.
You visited 1 branch of the dungeon, and saw 5 of its levels.
You also visited: Sewer.

You collected 212 gold pieces.

Inventory:

Hand Weapons
 a - a +0 hand crossbow
 b - a +2 vorpal hand axe (weapon)
 h - a +0 flail
 B - a +2 trident of protection
 C - a +1 short sword of freezing
Missiles
 n - 83 stones
 p - 12 poisoned darts
Armour
 j - the cursed +0 helmet of the Bound Chagrin (worn) {Fort, Range}
   (You found it on level 1 of the Dungeon)

   It has a curse which improves the following skills: Fortitude: Armour and
   Shields.
   Ranged Combat: Slings, Bows, Crossbows and Throwing.
 r - the cursed +4 scale mail of Ashenzari's Secrets (worn) {Cun, Alch}
   (You found it on level 3 of the Dungeon)

   It has a curse which improves the following skills: Cunning: Dodging and
   Stealth.
   Alchemy:   Poison Magic and Transmutations.
 x - the cursed +1 pair of boots "Lethargy of the Heavens" (worn) {Fort, Elem}
   (You found it on level 3 of the Dungeon)

   It has a curse which improves the following skills: Fortitude: Armour and
   Shields.
   Elements:  Fire Magic, Ice Magic, Air Magic and Earth Magic.
Jewellery
 i - a ring of magical power
 q - the cursed ring of the Fated Loss (left hand) {Will+, Fort, Cun}
   (You found it on level 2 of the Dungeon)

   [ring of willpower]

   Will:      It increases your willpower.
   It has a curse which improves the following skills: Fortitude: Armour and
   Shields.
   Cunning:   Dodging and Stealth.
 w - a ring of protection from cold (right hand)
Scrolls
 e - 3 scrolls of teleportation
 g - 4 scrolls of identify {@r1}
 l - 2 scrolls of holy word
 m - a scroll of enchant armour
 o - 3 scrolls of immolation
 t - a scroll of silence
 u - a scroll of fog
Potions
 c - 2 potions of brilliance
 k - 2 potions of heal wounds
 s - 4 potions of curing
 v - a potion of flight
 z - 2 potions of resistance
 A - a potion of might


   Skills:
 - Level 1.1 Fighting
 + Level 5.3 Axes
 - Level 5.8(7.0) Crossbows
 - Level 1.5(2.9) Dodging
 - Level 1.0 Spellcasting
 - Level 2.6 Hexes


You had 7 spell levels left.
You knew the following spells:

 Your Spells              Type           Power      Damage    Failure   Level
a - Slow                  Hex            32%        N/A       34%         1

Your spell library contained the following spells:

 Spells                   Type           Power      Damage    Failure   Level
 Ensorcelled Hibernation  Hex/Ice        8%         N/A       67%         2
 Animate Skeleton         Necr           0%         N/A       71%         1
 Apportation              Tloc           0%         N/A       71%         1
 Summon Small Mammal      Summ           0%         N/A       71%         1
 Passwall                 Tmut/Erth      0%         N/A       83%         2
 Inner Flame              Hex/Fire       4%         N/A       88%         3
 Portal Projectile        Hex/Tloc       8%         N/A       88%         3
 Swiftness                Air            1%         N/A       97%         3
 Cause Fear               Hex            4%         N/A       98%         4
 Discord                  Hex            4%         N/A       100%        8


Dungeon Overview and Level Annotations

Branches:
Dungeon (5/15)              Sewer (visited)
 Temple: D:4-7

Altars:
Ashenzari


Innate Abilities, Weirdness & Mutations

You are immune to sickness and miasma.
Your stone body is resilient. (AC +4)
You are immune to poison.
You resist negative energy. (rN+)
You are resistant to electric shocks. (rElec)
You are resistant to unholy torment.
You are immune to petrification.


Message History

Shoot: a) +0 hand crossbow
Press: ? - help, Shift-Dir - straight line, f/p - gnoll
Aim: a gnoll, wielding a +0 spear (severely wounded, 64% to hit)
You shoot a bolt. The bolt barely misses the gnoll.
The gnoll hits you but does no damage. x2
Shoot: a) +0 hand crossbow
Press: ? - help, Shift-Dir - straight line, f/p - gnoll
Aim: a gnoll, wielding a +0 spear (severely wounded, 64% to hit)
You shoot a bolt. The bolt closely misses the gnoll.
The gnoll hits you but does no damage. x3
b - a +2 vorpal hand axe (weapon)
The gnoll hits you but does no damage.
You are too injured to fight recklessly!
You slash the gnoll!
The gnoll is almost dead.
The gnoll hits you with a +0 club.
The gnoll hits you from afar with a +0 spear!
* * * LOW HITPOINT WARNING * * *
You are too injured to fight recklessly!
You hit the gnoll but do no damage.
The gnoll is almost dead.
The gnoll hits you but does no damage. The gnoll misses you.
The gnoll hits you but does no damage. x2
You closely miss the gnoll.
The gnoll is severely wounded.
You hit the gnoll but do no damage.
The gnoll hits you but does no damage. x2
You closely miss the gnoll.
The gnoll is almost dead.
You barely miss the gnoll. The gnoll barely misses you.
The gnoll hits you with a +0 spear.
* * * LOW HITPOINT WARNING * * *
You closely miss the gnoll.
The gnoll is severely wounded.
You hit the gnoll.
You kill the gnoll!
The gnoll misses you.
You hit the gnoll but do no damage.
The gnoll is severely wounded.
The gnoll hits you with a +0 spear.
You die...

........# #.# #.....###..##.#
........######.###.....###..##.#
...............................#
......z...).............########
......................#.#
......................#.#
.............)........#.######
................).....#.##...#
................@.....#.##...#
##############...g......##...#
{,, ....###......##...#### ,,, ,
####. #..............÷ * * *
,.., #......##...###. ###
######.###### #÷ * * * , ,,
###.########. , ,, ,
............. * ,, * ,
###..###..#.#


You could see a gnoll.

Vanquished Creatures
  A sky beast (D:5)
  A black bear (D:5)
  2 scorpions
  2 wights (D:5)
  2 iguanas
  Robin (D:4)
  7 gnolls
  10 adders
  3 worms
  2 dart slugs
  4 endoplasms
  7 giant cockroaches
  7 goblins
  6 hobgoblins
  7 jackals (D:1)
  7 kobolds
  A quokka (D:4)
  7 ball pythons
  2 bats (D:1)
  7 frilled lizards
  5 rats
91 creatures vanquished.

Notes
Turn   | Place    | Note
-------+----------+-------------------------------------------
     0 | D:1      | dolemite99 the Gargoyle Arcane Marksman began the quest for
                  | the Orb.
     0 | D:1      | Reached XP level 1. HP: 12/12 MP: 2/2
   364 | D:1      | Reached XP level 2. HP: 5/16 MP: 3/3
  1164 | D:1      | Found a faded altar of an unknown god.
  1167 | D:1      | Reached XP level 3. HP: 20/20 MP: 4/4
  1179 | D:1      | Prayed at the altar of an unknown god.
  1179 | D:1      | Became a worshipper of Ashenzari the Shackled
  2731 | D:2      | Reached XP level 4. HP: 22/25 MP: 5/5
  3386 | D:3      | Reached * piety under Ashenzari
  3439 | D:3      | Found a glowing drain.
  3453 | Sewer    | Entered a sewer
  4087 | Sewer    | Reached skill level 5 in Crossbows
  4087 | Sewer    | Reached XP level 5. HP: 25/29 MP: 6/6
  4588 | D:3      | Reached ** piety under Ashenzari
  5046 | D:4      | Noticed Robin
  5072 | D:4      | Killed Robin
  6328 | D:4      | Reached skill level 1 in Axes
  6328 | D:4      | Reached XP level 6. HP: 24/34 MP: 7/7
  6663 | D:5      | Entered Level 5 of the Dungeon
  6681 | D:5      | Noticed a black bear
  6694 | D:5      | Killed a black bear
  7566 | D:5      | Reached XP level 7. HP: 15/38 MP: 8/8
  8009 | D:5      | Reached skill level 5 in Axes
  8157 | D:5      | Slain by a gnoll

Illustrated notes

Levels and vault maps discovered:
D:1:      scummos_arrival_forest, layout_basic,
          ebering_ecumenical_altar_abandoned
D:2:      layout_basic, hangedman_decor_clover_reticule
D:3:      layout_loops_ring, portal_sewer_entry_f
D:4:      layout_loops_ring, due_unseen_surprise, uniq_robin
D:5:      layout_basic

Skill      XL: |  1  2  3  4  5  6  7 |
---------------+----------------------+-----
Crossbows      | 3 4 5 |  5.8
Axes           | 1 4 5 |  5.3
Fighting       | |  1.1
Dodging        | |  1.5
Spellcasting   | |  1.0
Hexes          | |  2.6

Action                   |  1- 3 |  4- 6 |  7- 9 || total
-------------------------+-------+-------+-------++-------
Melee: Hand axe          |       |    17 |    29 ||    46
       Punch             |       |       |     1 ||     1
 Fire: Hand crossbow     |   107 |   259 |    41 ||   407
Invok: Curse Item        |     1 |     3 |       ||     4
  Use: Potion            |       |     1 |     1 ||     2
       Scroll            |       |       |     1 ||     1
Armor: Robe              |    26 |     6 |       ||    32
       Scale mail        |       |   207 |    28 ||   235
Dodge: Dodged            |    32 |   172 |    14 ||   218

Table legend: (Time is in decaauts)
 A = Elapsed time spent in this place.
 B = Non-inter-level travel time spent in this place.
 C = Inter-level travel time spent in this place.
 D = Time resting spent in this place.
 E = Time spent auto-exploring this place.
 F = Levels seen in this place.
 G = Mean time per level.
                   A        B        C        D        E       F      G
               +--------+--------+--------+--------+--------+-----+--------+
         Total |   8338 |   8141 |    197 |   4054 |   3003 |   6 | 1389.7 |
       Dungeon |   7446 |   7249 |    197 |   3539 |   2793 |   5 | 1489.2 |
         Sewer |    892 |    892 |      0 |    515 |    210 |   1 |  892.0 |
               +--------+--------+--------+--------+--------+-----+--------+

Top non-repeatable levels by time:
     D:1: 1922 daAuts
     D:5: 1509 daAuts
     D:2: 1486 daAuts
     D:3: 1448 daAuts
     D:4: 1081 daAuts
   Sewer: 892 daAuts
